 Dungeon Crawl Stone Soup version 0.28.0-53-g5a82cb258f (webtiles) character file.

Game seed: 1587423637967915357

44 Sin92 the Skirmisher (level 3, 0/29 HPs)
             Began as a Demonspawn Fighter on July 1, 2022.
             Slain by Terence
             ... wielding a +3 falchion
              (2 damage)
             ... on level 2 of the Dungeon.
             The game lasted 00:01:29 (1398 turns).

Sin92 the Skirmisher (Demonspawn Fighter)           Turns: 1398, Time: 00:01:30

Health: 0/29       AC:  9    Str: 18    XL:     3   Next: 41%
Magic:  3/3        EV:  7    Int:  9    God:
Gold:   67         SH:  4    Dex: 12    Spells: 2/2 levels left

rFire   . . .      SeeInvis .   a - +0 trident
rCold   . . .      Faith    .   c - +0 buckler
rNeg    . . .      Spirit   .   j - +0 chain mail
rPois   .          Reflect  .   (no helmet)
rElec   .          Harm     .   (no cloak)
rCorr   +          Rampage  .   (no gloves)
Will    .....                   (no boots)
Stlth   ..........              (no amulet)
HPRegen 0.09/turn               e - +4 ring of slaying
MPRegen 0.08/turn               g - ring of resist corrosion

@: attractive
A: hooves 1
a: no special abilities


You were on level 2 of the Dungeon.
You visited 1 branch of the dungeon, and saw 2 of its levels.

You collected 67 gold pieces.

Inventory:

Hand Weapons
 a - a +0 trident (weapon)
Armour
 b - a +0 scale mail
 c - a +0 buckler (worn)
 j - a +0 chain mail (worn)
Jewellery
 e - a +4 ring of slaying (left hand)
 g - a ring of resist corrosion (right hand)
Potions
 d - a potion of might


   Skills:
 + Level 3.2 Fighting
 * Level 2.4 Polearms
 + Level 3.0 Armour
 + Level 0.8 Dodging
 + Level 2.9 Shields


You had 2 spell levels left.
You didn't know any spells.
Your spell library was empty.

Dungeon Overview and Level Annotations

Branches:
Dungeon (2/15)

Altars:

Annotations:
D:2 Terence


Innate Abilities, Weirdness & Mutations

You have large cloven feet.


Message History

Unknown command.
Unknown command.
Terence is nearby!
Terence is nearby!
Unknown command.
You reach to attack!
You barely miss Terence.
Terence is nearby!
You hit Terence but do no damage. You kick Terence.
Terence is lightly wounded.
Terence hits you with a +3 falchion.
Unknown command.
You hit Terence but do no damage. You kick Terence.
Terence is lightly wounded.
Terence hits you with a +3 falchion.
You barely miss Terence.
Terence is lightly wounded.
Terence hits you but does no damage. Terence hits you with a +3 falchion.
You hit Terence but do no damage.
Terence is lightly wounded.
Terence hits you with a +3 falchion!
* * * LOW HITPOINT WARNING * * *
Unknown command.
You are too injured to fight recklessly!
Unknown command.
You are too injured to fight recklessly!
It was a potion of curing.
You feel better. Terence closely misses you.
It was a potion of attraction.
You feel attractive to monsters. Terence hits you with a +3 falchion!
* * * LOW HITPOINT WARNING * * *
Okay, then.
Blink to where?
Press: ? - help, Dir - move target, p - Terence
As you read the scroll labelled UTUNAC YLAY, it crumbles to dust.
It was a scroll of blinking.
Terence is attracted toward you.
Okay, then.
You puncture Terence!
Terence is heavily wounded.
Terence hits you with a +3 falchion.
You die...

..###.#####..## .
....#.#####...##### #
.............#..... #
.##..........#..###
.######
##########...#.##
....... .# ##....#
.###### .#
##..#.#######.# #.######
.# #.............#
#....... .#
#...###@#######.########
.# #...# #.@.§.....# #
.##########.##
#.######### #
.##.........# #.# ####
.##=#######.# #.# #...
.##.# #)# #.# #†## .##.#
#.# #.# #.# .##.# #.#
#.# #.#
.##.#######.####.# #>#


You could see Terence.

Vanquished Creatures
  An adder (D:2)
  A dart slug (D:2)
  2 endoplasms
  A giant cockroach (D:1)
  4 goblins
  A hobgoblin (D:1)
  3 kobolds (D:1)
  2 quokkas (D:1)
  8 ball pythons
  4 bats
  A frilled lizard (D:1)
  7 rats
35 creatures vanquished.

Notes
Turn   | Place    | Note
-------+----------+-------------------------------------------
     0 | D:1      | Sin92 the Demonspawn Fighter began the quest for the Orb.
     0 | D:1      | Reached XP level 1. HP: 18/18 MP: 1/1
   338 | D:1      | Gained mutation: You have large cloven feet. [demonic
                  | ancestry]
   338 | D:1      | Reached XP level 2. HP: 24/24 MP: 2/2
  1237 | D:2      | Reached XP level 3. HP: 29/29 MP: 3/3
  1387 | D:2      | Noticed Terence
  1396 | D:2      | HP: 1/29 [Terence/+3 falchion (12)]
  1398 | D:2      | Slain by Terence

Illustrated notes

Levels and vault maps discovered:
D:1:      psy_arrival_statuary, layout_basic
D:2:      layout_loops_ring, dreamdust_ecumenical_altar_statues, serial_shops,
          shop, uniq_natasha, uniq_terence

Skill      XL: |  1  2 |
---------------+-------+-----
Polearms       | 2 |  2.4
Armour         | 3 |  3.0
Fighting       | |  3.2
Dodging        | |  0.8
Shields        | |  2.9

Action                   || total
-------------------------++-------
Melee: Trident           ||    65
       Kick              ||     7
  Use: Scroll            ||     3
       Potion            ||     2
Armor: Scale mail        ||     7
       Chain mail        ||     3
Dodge: Dodged            ||    16
Block: Buckler           ||     6
